AoeStats
← Pielover757

Nomad

509852190Analyzed
3v3 RM · 5d ago on Sep 28, 2026· 31m 3s· 6 players
Game mode
Random Map
Map size
210×210
Population
200
Speed
Normal
Resources
Standard
Victory
Conquest
Starting age
Dark Age
Ending age
Imperial Age
RankedLock teamsTeams togetherTeam positionsShared explorationLock speedFull tech treeHidden civsTurbo modeCheats
Victory
Defeat
🇬🇧 Koreans · United Kingdom
1575
+12
🇵🇹 Spanish · Portugal
1569
+12
🇿🇦 Italians · South Africa
1546
+13
🇷🇺 Bulgarians · Russia
1553
-14
🇷🇺 Danes · Russia
1463
-12
🇻🇳 Hindustanis · Vietnam
1450
-11
Cicdolfin
5:02 Loom
14:23 Feudal Age
15:01 Double-Bit Axe
17:59 Castle Age
15:56 Fletching
18:00 Gold Mining
18:53 Medium Warships
19:22 Bow Saw
19:18 Fishing Lines
20:21 Stone Mining
21:54 Gillnets
22:03 Gillnets
24:01 Stone Shaft Mining
28:52 Imperial Age
27:36 Wheelbarrow
28:54 Ballistics
31:01 Bodkin Arrow
32:28 Chemistry
冰人
5:36 Loom
13:38 Feudal Age
17:10 Castle Age
16:30 Double-Bit Axe
16:41 Stone Mining
16:44 Gold Mining
18:10 Bow Saw
17:42 Horse Collar
18:17 Fishing Lines
19:10 Heavy Plow
20:16 Padded Archer Armor
29:13 Bloodlines
29:19 Husbandry
30:13 Leather Archer Armor
Pielover757
4:39 Loom
13:22 Feudal Age
13:58 Double-Bit Axe
14:04 Town Watch
14:23 Fishing Lines
17:32 Fletching
21:53 Castle Age
23:00 Gillnets
24:13 Town Patrol
24:19 Gold Mining
25:38 Wheelbarrow
26:03 Stone Mining
26:26 Bow Saw
30:30 Imperial Age
28:03 Scale Mail Armor
28:15 Forging
29:01 Chain Mail Armor
29:44 Ballistics
29:47 Squires
29:35 Arson
30:39 Iron Casting
29:56 Horse Collar
32:02 Conscription
GELO163Rus
4:29 Loom
14:11 Feudal Age
15:38 Double-Bit Axe
19:16 Castle Age
23:00 Wheelbarrow
26:50 Fletching
27:41 Horse Collar
28:52 Scale Mail Armor
29:13 Gold Mining
29:31 Town Watch
30:58 Chain Mail Armor
JamesGoldAA
10:53 Loom
13:04 Feudal Age
13:39 Feudal Age
14:34 Double-Bit Axe
17:08 Castle Age
17:07 Horse Collar
18:11 Bow Saw
20:34 Wheelbarrow
23:37 Fletching
27:00 Bodkin Arrow
26:56 Gold Mining
32:18 Imperial Age
29:58 Padded Archer Armor
30:54 Thumb Ring
31:39 Ballistics
DEXXTER
4:53 Loom
13:39 Feudal Age
17:43 Castle Age
17:54 Scale Barding Armor
17:59 Forging
17:44 Gold Mining
17:43 Double-Bit Axe
20:01 Horse Collar
22:04 Husbandry
24:56 Bloodlines
27:04 Chain Barding Armor
30:42 Iron Casting
Connection lost

Rejoining the realm…

Still unreachable

The connection could not be restored.

Session expired

The server has moved on; the page needs a fresh start.